AoeStats
← HydroAoE

Nomad

504421472Analyzed
2v2 RM · 28d ago on Sep 5, 2026· 35m 11s· 4 players
Game mode
Random Map
Map size
176×176
Population
200
Speed
Normal
Resources
Standard
Victory
Conquest
Starting age
Dark Age
Ending age
Imperial Age
RankedLock teamsTeams togetherTeam positionsShared explorationLock speedFull tech treeHidden civsTurbo modeCheats
Victory
Defeat
🇩🇪 Hindustanis · Germany
987
+14
🇩🇪 Dravidians · Germany
943
+15
🇨🇴 Celts · Colombia
952
-44
🇨🇳 Mongols · China
925
-14
月落星河
5:07 Loom
14:11 Feudal Age
15:15 Town Watch
18:33 Castle Age
18:50 Gold Mining
28:22 Double-Bit Axe
28:18 Pikeman
29:43 Medium Warships
30:20 Fishing Lines
Kevin Fuquen
3:06 Loom
28:01 Feudal Age
28:07 Man-at-Arms
30:51 Town Watch
HydroAoE
7:36 Loom
13:06 Feudal Age
14:38 Double-Bit Axe
15:25 Horse Collar
21:12 Castle Age
19:09 Fishing Lines
20:01 Bloodlines
20:46 Scale Barding Armor
22:08 Gillnets
22:46 Husbandry
24:06 Forging
25:19 Bow Saw
25:37 Chain Barding Armor
25:27 Heavy Plow
28:19 Iron Casting
34:24 Imperial Age
31:49 Fletching
32:52 Wheelbarrow
32:02 Town Watch
34:47 Gold Mining
35:50 Plate Barding Armor
35:22 Bodkin Arrow
TurboAoE
15:09 Feudal Age
16:25 Loom
20:09 Castle Age
21:19 Arson
21:34 Squires
21:41 Double-Bit Axe
21:38 Horse Collar
23:58 Town Watch
24:52 Wheelbarrow
26:59 Medium Warships
28:13 Hand Cart
31:21 Husbandry
32:15 Heavy Plow
32:20 Scale Mail Armor
32:31 Forging
33:44 Scale Barding Armor
35:01 Chain Barding Armor
34:52 Forging
34:57 Chain Mail Armor
35:41 Medical Corps
Connection lost

Rejoining the realm…

Still unreachable

The connection could not be restored.

Session expired

The server has moved on; the page needs a fresh start.